 Dungeon Crawl Stone Soup version 0.16.1-4-g8e1b745 (webtiles) character file.

2134 Psiweapon the Cruncher (level 9, -5/48 HPs)
             Began as a Gargoyle Gladiator on Mar 27, 2015.
             Was a Priest of Makhleb.
             Slain by an ogre
             ... wielding a cursed -3 giant club
              (18 damage)
             ... on level 9 of the Dungeon.
             The game lasted 00:20:21 (5228 turns).

Psiweapon the Cruncher (Gargoyle Gladiator)         Turns: 5228, Time: 00:20:21

Health: -5/48      AC: 18    Str: 18    XL:     9   Next: 30%
Magic:  12/12      EV: 11    Int: 12    God:    Makhleb [***...]
Gold:   331        SH:  0    Dex: 11    Spells: 0 memorised, 8 levels left

rFire  . . .     SeeInvis +     a - +0 quarterstaff
rCold  . . .     Clarity  .     s - +0 scale mail
rNeg   + + .     SustAb   .     (no shield)
rPois  ∞         Gourm    .     c - +1 helmet
rElec  +         Spirit   .     (no cloak)
rCorr  .         Warding  .     g - +2 pair of gloves
rMut   .         Stasis   .     (no boots)
MR     .....                    G - amulet of regeneration
Stlth  ..........               C - ring of positive energy
                                m - ring of see invisible

@: not resistant to hostile enchantments, extremely unstealthy
A: negative energy resistance 1, electricity resistance, unbreathing,
petrification resistance, rot immunity, AC +5
a: Minor Destruction, Lesser Servant of Makhleb, Renounce Religion


You were on level 9 of the Dungeon.
You worshipped Makhleb.
Makhleb was most pleased with you.
You were very hungry.

You visited 1 branch of the dungeon, and saw 9 of its levels.

You collected 331 gold pieces.

Inventory:

Hand weapons
 a - a +0 quarterstaff (weapon)
Missiles
 d - 4 throwing nets
 w - 18 bolts
 B - 2 tomahawks (quivered)
Armour
 b - a +0 leather armour
 c - a +1 helmet (worn)
 g - a +2 pair of gloves (worn)
 s - a +0 scale mail (worn)
 J - a +1 plate armour of cold resistance
Jewellery
 j - an uncursed amulet of stasis
 m - a ring of see invisible (left hand)
 C - a ring of positive energy (right hand)
 G - an amulet of regeneration (around neck)
Scrolls
 e - 4 scrolls of enchant armour
 k - a scroll of teleportation
 o - 5 scrolls of recharging
 p - 3 scrolls of noise {unknown}
 t - 2 scrolls of remove curse
 y - a scroll of fog {unknown}
 A - a scroll of immolation {unknown}
 F - 2 scrolls of amnesia
 K - a scroll of blinking
 L - a scroll of identify
Potions
 i - 2 potions of cancellation {unknown}
 l - 5 potions of curing
 n - 2 potions of restore abilities {unknown}
 q - 2 potions of lignification
 r - a potion of haste {unknown}
 u - a potion of brilliance {unknown}
 v - a potion of invisibility {unknown}
 x - a potion of cure mutation {unknown}
 z - a potion of experience {unknown}
 D - a potion of degeneration {unknown}
Comestibles
 f - 8 bread rations
 h - 4 meat rations
 E - 8 slices of pizza
 H - 2 chunks of flesh
 I - 2 royal jellies
 M - 2 beef jerkies


   Skills:
 - Level 2.1 Fighting
 - Level 10.0 Staves
 - Level 2.0 Throwing
 - Level 5.3 Armour
 + Level 4.4 Dodging
 * Level 2.8 Invocations


You had 8 spell levels left.
You didn't know any spells.

Dungeon Overview and Level Annotations

Branches:
Dungeon (9/15)             Temple (0/1) D:4
   Lair: D:8-11         Orc: D:9-12

Altars:
Ashenzari
Dithmenos
Fedhas
Makhleb
Okawaru
Ru
Sif Muna
Trog
Vehumet
Xom
Yredelemnul

Shops:
D:7 }

Annotations:
D:5 ThorGoll's ghost, experienced GrMo


Innate Abilities, Weirdness & Mutations

You are resistant to torment.
You are immune to poison.
Your stone body is very resilient (AC +5).
You resist negative energy.
You are resistant to electric shocks.
You can survive without breathing.
You are immune to petrification.
You are immune to rotting.


Message History

The weapon returns to the orc warrior!
Your smoke demon hits the neqoxec.
Your smoke demon closely misses the neqoxec.
Your smoke demon hits the neqoxec.
The neqoxec hits you but does no damage.
The ogre hits your smoke demon with a giant club!
You hit the neqoxec!
The neqoxec is almost dead.
The ballistomycete is engulfed in a cloud of scalding steam.
Your smoke demon closely misses the neqoxec.
Your smoke demon hits the neqoxec but does no damage.
Your smoke demon hits the neqoxec.
The neqoxec dies!
The orc warrior throws a tomahawk of returning.
The tomahawk of returning hits your smoke demon.
The weapon returns to the orc warrior!
The ynoxinul gestures at you. The iron shot hits you!
* * * LOW HITPOINT WARNING * * *
The ogre hits you with a giant club!!
You die...

... ...... .......
#.......
############........
#.....))..##.........
#.#######.##.........
#.# ###)..#P........
#.# #.....#@o........
#####.#
#...3..3O.P......
§.....#
#.....#.).o......
......#
#.....#(......).
......#
###...#..o.o....
...(..#
#...#.........
.####.# #...##.......
.# #.# #######.....
.. ... #...


You could see a ynoxinul, an orc warrior, an ogre, an active ballistomycete, 3
orcs and a friendly smoke demon.

Vanquished Creatures
  A hog (D:7)
  A human (D:7)
  An orc warrior (D:9)
  A sky beast (D:5)
  An ice beast (D:6)
  2 ogres (D:7)
  A big kobold (D:7)
  A centaur (D:6)
  A wyvern zombie (D:6)
  2 giant frogs (D:7)
  A water moccasin zombie (D:7)
  3 scorpions (D:6)
  A water moccasin skeleton (D:4)
  2 goliath beetles
  4 crimson imps
  2 orc priests (D:7)
  2 orc wizards
  4 worker ants
  4 iguanas
  3 sheep (D:7)
  6 adders
  3 shadow imps
  3 giant mites
  A worm (D:3)
  2 adder skeletons (D:7)
  7 giant geckos
  3 oozes
  22 orcs
  5 ball pythons
  A bat zombie (D:4)
  4 giant cockroaches
  12 hobgoblins
  15 kobolds
  5 quokkas
  11 bats
  2 giant gecko skeletons
  13 giant newts
  A giant spore (D:9)
  13 goblins
  5 jackals
  13 rats
185 creatures vanquished.

Vanquished Creatures (collateral kills)
  A neqoxec (D:9)
  An orc (D:9)
2 creatures vanquished.

Grand Total: 187 creatures vanquished

Notes
Turn   | Place    | Note
--------------------------------------------------------------
     0 | D:1      | Psiweapon, the Gargoyle Gladiator, began the quest for the Orb.
     0 | D:1      | Reached XP level 1. HP: 12/12 MP: 1/1
   186 | D:1      | Reached XP level 2. HP: 17/17 MP: 2/2
   579 | D:3      | Reached skill level 1 in Armour
   585 | D:3      | Reached XP level 3. HP: 21/21 MP: 3/3
   610 | D:3      | Reached skill level 4 in Staves
   918 | D:3      | Reached XP level 4. HP: 26/26 MP: 4/4
   993 | D:2      | Found a shattered altar of Ashenzari.
  1328 | D:4      | Found a shadowy altar of Dithmenos.
  1433 | D:3      | Found a basalt altar of Yredelemnul.
  1644 | D:5      | Entered Level 5 of the Dungeon
  1645 | D:5      | Noticed a sky beast
  1676 | D:5      | Noticed ThorGoll's ghost (experienced GrMo)
  1676 | D:5      | Killed a sky beast
  1676 | D:5      | Reached skill level 5 in Staves
  1676 | D:5      | Reached XP level 5. HP: 19/30 MP: 5/5
  1707 | D:3      | Reached XP level 6. HP: 25/35 MP: 6/6
  1961 | D:4      | Found a radiant altar of Vehumet.
  1962 | D:4      | Found a burning altar of Makhleb.
  1968 | D:4      | Found an iron altar of Okawaru.
  1968 | D:4      | Found a shimmering altar of Xom.
  1968 | D:4      | Found a blossoming altar of Fedhas.
  1968 | D:4      | Found a bloodstained altar of Trog.
  1969 | D:4      | Found a sacrificial altar of Ru.
  1969 | D:4      | Found a deep blue altar of Sif Muna.
  1972 | D:4      | Became a worshipper of Makhleb the Destroyer
  1981 | D:4      | Reached skill level 6 in Staves
  2305 | D:4      | Acquired Makhleb's first power
  2381 | D:4      | Found a bloodstained altar of Trog.
  2552 | D:4      | Found a staircase to the Ecumenical Temple.
  2905 | D:4      | Reached XP level 7. HP: 35/40 MP: 7/7
  3060 | D:6      | Reached skill level 7 in Staves
  3062 | D:6      | Acquired Makhleb's second power
  3412 | D:6      | Reached skill level 5 in Armour
  3529 | D:6      | Reached XP level 8. HP: 44/44 MP: 8/8
  3548 | D:6      | Reached skill level 8 in Staves
  3956 | D:7      | Found Ter Teah's Gadget Shoppe.
  3980 | D:7      | Found a burning altar of Makhleb.
  4209 | D:7      | Reached skill level 9 in Staves
  4251 | D:7      | Acquired Makhleb's third power
  4480 | D:8      | Noticed a troll
  4532 | D:8      | Noticed a two-headed ogre
  4792 | D:7      | Reached XP level 9. HP: 48/48 MP: 9/9
  4806 | D:7      | Reached skill level 10 in Staves
  4921 | D:7      | Reached skill level 1 in Invocations
  5228 | D:9      | Slain by an ogre

Action                   |  1- 3 |  4- 6 |  7- 9 || total
-------------------------+-------+-------+-------++-------
Melee: Quarterstaff      |   100 |   287 |   406 ||   793
Throw: Throwing net      |       |     1 |     2 ||     3
       Tomahawk          |       |       |     3 ||     3
Invok: Minor Destruction |       |       |    17 ||    17
       Lesser Servant of |       |       |     3 ||     3
  Use: Scroll            |       |     5 |     5 ||    10
       Potion            |       |       |     1 ||     1
 Stab: Held in net/web   |       |     2 |     8 ||    10
  Eat: Chunk             |       |     6 |     8 ||    14
       Pizza             |       |       |     1 ||     1
